 Dungeon Crawl Stone Soup version 0.31-a0-826-ga5cc291a1b (webtiles) character file.

Game seed: 8801779883456026186

8213 qw the Skirmisher (level 11, -1/71 HPs)
             Began as a Gargoyle Hunter on Sept 23, 2023.
             Was a Priest of Okawaru.
             Slain by a yak (5 damage)
             ... on level 11 of the Dungeon.
             The game lasted 00:03:58 (8530 turns).

qw the Skirmisher (Gargoyle Hunter)                 Turns: 8530, Time: 00:03:59

Health: -1/71      AC: 26    Str: 14    XL:     11   Next: 27%
Magic:  13/14      EV: 16    Int: 11    God:    Okawaru [***...]
Gold:   531        SH:  0    Dex: 17    Spells: 10/10 levels left

rFire   . . .        t - +1 orcbow (drain)
rCold   . . .        (shield currently unavailable)
rNeg    + . .        r - +0 acid dragon scales
rPois   inf          b - +2 helmet
rElec   +            (no cloak)
rCorr   +            i - +1 pair of gloves
SInv    .            (no boots)
Will    .....        (no amulet)
Stlth   +++          n - +4 ring of protection
HPRegen 0.31/turn    (no ring)
MPRegen 0.14/turn

%: no passive effects
@: heroic
A: sickness immunity, AC +8, negative energy resistance 1, electricity
resistance, torment resistance 1, petrification resistance
a: Renounce Religion, Heroism


You were on level 11 of the Dungeon.
You worshipped Okawaru.
Okawaru was most pleased with you.
You visited 2 branches of the dungeon, and saw 11 of its levels.

You collected 531 gold pieces.


Innate Abilities, Weirdness & Mutations

You are immune to sickness and miasma.
Your stone body is resilient. (AC +8)
You are immune to poison.
You resist negative energy. (rN+)
You are resistant to electric shocks. (rElec)
You are resistant to unholy torment.
You are immune to petrification.


   Skills:
 - Level 9.1(14.1) Fighting
 + Level 13.7(18.7) Ranged Weapons
 - Level 4.1(9.1) Armour
 - Level 4.2(9.2) Dodging
 - Level 1.1(6.1) Stealth
 - Level 4.0 Invocations


You had 10 spell levels left.
You didn't know any spells.
Your spell library was empty.

Inventory:

Hand Weapons
 t - a +1 orcbow of draining (weapon)
Armour
 b - a +2 helmet (worn)
 d - a +2 leather armour of poison resistance
 i - a +1 pair of gloves (worn)
 r - +0 acid dragon scales (worn)
Jewellery
 n - a +4 ring of protection (left hand)
Wands
 j - a wand of digging (5)
Scrolls
 g - 2 scrolls of identify
Potions
 a - 3 potions of might
 c - a potion of magic
 e - 2 potions of haste
 h - 4 potions of curing
 k - a potion of experience {unknown}
 l - a potion of enlightenment {unknown}
 m - a potion of cancellation {unknown}
 o - a potion of ambrosia {unknown}
 p - a potion of mutation {unknown}
 s - a potion of invisibility {unknown}

Dungeon Overview and Level Annotations

Branches:
Dungeon (11/15)            Temple (1/1) D:4
   Lair: D:8-11         Orc: D:9-12

Altars:
Ashenzari
Cheibriados
Dithmenos
Elyvilon
Fedhas
Gozag
Hepliaklqana
Kikubaaqudgha
Makhleb
Okawaru
Qazlal
Sif Muna
Trog
Uskayaw
Vehumet
Wu Jian
Xom
Yredelemnul
The Shining One

Shops:
D:3 (

Annotations:
D:8 exclusion: oklob plant


Message History

You gain the combat prowess of a mighty hero.
The yak closely misses you. The yak gores you but does no damage.
The yak misses you.
The yak gores you but does no damage. x2
You shoot an arrow. The arrow hits the yak!
The yak is severely wounded.
The yak barely misses you. The yak gores you but does no damage.
The yak barely misses you. The yak gores you but does no damage.
The yak misses you.
You shoot an arrow. The arrow hits the yak!
You drain the yak.
You kill the yak!
Okawaru accepts your kill. The yak gores you but does no damage.
The yak closely misses you. The yak completely misses you. x2
You shoot an arrow. The arrow barely misses the yak.
The yak gores you but does no damage. The yak barely misses you.
The yak closely misses you. The yak gores you but does no damage.
You shoot an arrow. The arrow hits the yak.
You drain the yak.
The yak is lightly wounded.
You shoot an arrow. The arrow barely misses the yak.
The yak completely misses you. The yak misses you. x2
The yak gores you but does no damage.
You shoot an arrow.
The arrow hits the yak but does no damage.
You drain the yak.
The yak is moderately wounded.
The yak gores you but does no damage. The yak misses you.
The yak gores you but does no damage. x2
You shoot an arrow. The arrow hits the yak!!
The yak is almost dead.
The yak gores you but does no damage. The yak barely misses you.
The yak gores you. The yak misses you.
You shoot an arrow. The arrow barely misses the yak.
You shoot an arrow. The arrow hits the yak!
You kill the yak!
Okawaru accepts your kill. The yak closely misses you.
The yak gores you but does no damage. The yak closely misses you.
You shoot an arrow. The arrow closely misses the yak.
The yak gores you.
You die...

#.....# #.....#
#.....# #.....#
#:B...#
#.....##############
$...................
.....).......%......
.............@Y......
............YY.......
......................
.........../...
...............
...............
...............
...............


You could see 3 yaks.

Vanquished Creatures
  Erica (D:8)
  3 oklob plants (D:8)
  An unseen horror (D:6)
  A komodo dragon (D:11)
  Grinder (D:5)
  Prince Ribbit (D:6)
  A shadow (D:11)
  A wyvern (D:9)
  13 yaks
  A wraith (D:9)
  An acid dragon (D:8)
  A water moccasin (D:6)
  A floating eye (D:8)
  2 ice beasts
  An orc warrior (D:8)
  2 sky beasts (D:7)
  A black bear (D:6)
  An ogre (D:6)
  3 centaurs
  5 phantoms
  3 kobold brigands
  2 scorpions
  2 bullfrogs
  3 wights (D:8)
  6 killer bees (D:8)
  3 howler monkeys
  2 hounds (D:5)
  A gnoll bouda (D:8)
  3 orc priests
  2 jellies
  3 sleepcaps (D:5)
  Jessica (D:2)
  3 orc wizards
  An iguana (D:5)
  Robin (D:2)
  6 gnolls
  7 adders
  A white imp (D:6)
  An ufetubus (D:7)
  2 worms
  2 dart slugs
  32 orcs
  4 ball pythons
  5 endoplasms
  6 giant cockroaches
  11 goblins
  9 hobgoblins
  3 quokkas
  5 bats
  3 frilled lizards
  18 kobolds
  5 rats
198 creatures vanquished.

Notes
Turn   | Place    | Note
-------+----------+-------------------------------------------
     0 | D:1      | qw the Gargoyle Hunter began the quest for the Orb.
     0 | D:1      | Reached XP level 1. HP: 12/12 MP: 1/1
     0 | D:1      | 0 ||| qw: Version: 0.3-a-83-gcd0e7d8
     0 | D:1      | 0 ||| qw: Game counter: 1847
     0 | D:1      | 0 ||| qw: Melee chars always use a shield: true
     0 | D:1      | 0 ||| qw: God list: Okawaru
     0 | D:1      | 0 ||| qw: Allow faded altars: false
     0 | D:1      | 0 ||| qw: Do Orc after clearing Dungeon:15 true
     0 | D:1      | 0 ||| qw: Do second Lair branch before Depths: true
     0 | D:1      | 0 ||| qw: Lair rune preference: random
     0 | D:1      | 0 ||| qw: Goals: Normal
     0 | D:1      | 0 ||| PLANNING D:1-11
   157 | D:1      | Reached XP level 2. HP: 16/17 MP: 2/2
   912 | D:1      | 912 ||| READING scroll labelled ZYGGEMP NIOPPY.
   917 | D:1      | 917 ||| READING 2 scrolls labelled LUS YTOELA.
   918 | D:1      | 918 ||| READING 2 scrolls labelled ORUONE HYFENG.
   919 | D:1      | 919 ||| READING scroll labelled YHUFUIH XERALURE.
   920 | D:1      | 920 ||| READING scroll labelled QAJUOSHRO CEOCH.
   921 | D:1      | 921 ||| DROPPING scroll of butterflies.
   922 | D:1      | 922 ||| DROPPING scroll of blinking.
   997 | D:2      | Reached XP level 3. HP: 21/21 MP: 3/3
  1057 | D:2      | Reached skill level 5 in Ranged Weapons
  1125 | D:2      | Noticed Robin
  1129 | D:2      | Killed Robin
  1152 | D:2      | Reached skill level 3 in Fighting
  1243 | D:2      | Reached XP level 4. HP: 28/28 MP: 4/4
  1482 | D:2      | Noticed Jessica
  1486 | D:2      | Killed Jessica
  1624 | D:2      | 1624 ||| UPGRADING to +1 helmet.
  1629 | D:2      | 1629 ||| READING scroll labelled VIZXEY TOCANU.
  1630 | D:2      | 1630 ||| READING scroll labelled CIFIUT WIREMI.
  1631 | D:2      | 1631 ||| DRINKING 3 grey potions.
  1632 | D:2      | 1632 ||| DRINKING 2 inky potions.
  1633 | D:2      | 1633 ||| READING 3 scrolls of identify.
  1633 | D:2      | 1633 ||| IDENTIFYING bubbling emerald potion
  1634 | D:2      | 1634 ||| READING 2 scrolls of identify.
  1634 | D:2      | 1634 ||| IDENTIFYING ruby potion
  1635 | D:2      | 1635 ||| DROPPING potion of attraction.
  1651 | D:3      | Reached XP level 5. HP: 32/32 MP: 5/5
  1712 | D:3      | Reached skill level 6 in Ranged Weapons
  1743 | D:3      | Reached skill level 1 in Armour
  1743 | D:3      | HP: 7/32 [orc/+0 hand axe (6)]
  1744 | D:3      | 1744 ||| READING scroll of teleportation.
  1745 | D:3      | 1745 ||| DRINKING potion of heal wounds.
  1778 | D:3      | 1778 ||| FLEEEEING.
  1779 | D:3      | 1779 ||| FLEEEEING.
  1950 | D:3      | Found Egifaoh's Weapon Emporium.
  1976 | D:3      | 1976 ||| READING scroll of enchant armour.
  1976 | D:3      | 1976 ||| ENCHANTING +1 helmet.
  2121 | D:3      | Reached XP level 6. HP: 36/39 MP: 6/6
  2295 | D:3      | 2295 ||| UPGRADING to +2 leather armour of poison
                  | resistance.
  2305 | D:3      | 2305 ||| DROPPING +0 leather armour.
  2306 | D:3      | 2306 ||| READING scroll labelled AFEEPH TIRERCH.
  2307 | D:3      | 2307 ||| READING 3 scrolls of identify.
  2307 | D:3      | 2307 ||| IDENTIFYING fizzy brown potion
  2308 | D:3      | 2308 ||| READING 2 scrolls of identify.
  2308 | D:3      | 2308 ||| IDENTIFYING dark potion
  2309 | D:3      | 2309 ||| DROPPING potion of brilliance.
  2360 | D:4      | Found a snail-covered altar of Cheibriados.
  2646 | D:4      | Found a staircase to the Ecumenical Temple.
  2647 | D:4      | 2647 ||| PLANNING TEMPLE
  2647 | D:4      | 2647 ||| UPGRADING to +0 pair of gloves.
  2652 | D:4      | 2652 ||| READING scroll of enchant armour.
  2652 | D:4      | 2652 ||| ENCHANTING +0 pair of gloves.
  2653 | D:4      | 2653 ||| READING scroll labelled HOQ CYTEZIT.
  2654 | D:4      | 2654 ||| READING scroll labelled NOSOASK MODUESCH.
  2655 | D:4      | 2655 ||| READING scroll labelled KINKAP TAGAE.
  2656 | D:4      | 2656 ||| READING 2 scrolls of identify.
  2656 | D:4      | 2656 ||| IDENTIFYING viscous yellow potion
  2657 | D:4      | 2657 ||| DROPPING potion of lignification.
  2658 | D:4      | Noticed an ice beast
  2675 | D:4      | Killed an ice beast
  2676 | D:4      | Reached skill level 7 in Ranged Weapons
  2676 | D:4      | Reached XP level 7. HP: 38/44 MP: 7/7
  2702 | Temple   | Entered the Ecumenical Temple
  2703 | Temple   | 2703 ||| PLANNING OKAWARU WORSHIP
  2714 | Temple   | Became a worshipper of Warmaster Okawaru
  2715 | Temple   | 2715 ||| PLANNING D:1-11
  3050 | D:5      | Entered Level 5 of the Dungeon
  3340 | D:5      | Reached skill level 8 in Ranged Weapons
  3378 | D:5      | Noticed Grinder
  3387 | D:5      | Killed Grinder
  3387 | D:5      | Reached * piety under Okawaru
  3388 | D:5      | Reached XP level 8. HP: 46/49 MP: 8/8
  3433 | D:5      | Reached skill level 9 in Ranged Weapons
  3433 | D:5      | Reached skill level 1 in Invocations
  3485 | D:5      | 3485 ||| INVOKING Heroism.
  4017 | D:5      | Reached skill level 3 in Invocations
  4038 | D:5      | Reached skill level 6 in Fighting
  4368 | D:6      | 4368 ||| INVOKING Heroism.
  4372 | D:6      | 4372 ||| STAIRDANCE
  4515 | D:6      | 4515 ||| FLEEEEING.
  4526 | D:6      | 4526 ||| FLEEEEING.
  4527 | D:6      | 4527 ||| FLEEEEING.
  4528 | D:6      | 4528 ||| FLEEEEING.
  4529 | D:6      | 4529 ||| FLEEEEING.
  4531 | D:6      | 4531 ||| FLEEEEING.
  4532 | D:6      | 4532 ||| FLEEEEING.
  4533 | D:6      | 4533 ||| FLEEEEING.
  4534 | D:6      | 4534 ||| FLEEEEING.
  4535 | D:6      | 4535 ||| FLEEEEING.
  4673 | D:6      | 4673 ||| FLEEEEING.
  4675 | D:6      | HP: 10/51 [something (4)]
  4680 | D:6      | 4680 ||| STAIRDANCE
  4836 | D:5      | 4836 ||| DROPPING +2 hat.
  4837 | D:5      | 4837 ||| DRINKING 2 lumpy purple potions.
  4942 | D:5      | 4942 ||| DROPPING potion of berserk rage.
  4995 | D:6      | Noticed Prince Ribbit
  4996 | D:6      | 4996 ||| INVOKING Heroism.
  5002 | D:6      | Killed Prince Ribbit
  5003 | D:6      | Reached XP level 9. HP: 55/55 MP: 9/12
  5054 | D:6      | Reached skill level 10 in Ranged Weapons
  5199 | D:6      | 5199 ||| UPGRADING to +4 ring of protection.
  5200 | D:6      | 5200 ||| Stepping randomly (disturbance).
  5201 | D:6      | 5201 ||| INVOKING Heroism.
  5264 | D:6      | Killed an unseen horror
  5264 | D:6      | Reached ** piety under Okawaru
  5265 | D:6      | Reached skill level 3 in Dodging
  5612 | D:7      | 5612 ||| STAIRDANCE
  5993 | D:7      | Found a glowing golden altar of the Shining One.
  6226 | D:7      | Found a shimmering altar of Xom.
  6226 | D:7      | Found an ornate altar of the Wu Jian Council.
  6234 | D:7      | Found a stormy altar of Qazlal.
  6236 | D:7      | Found a faded altar of an unknown god.
  6238 | D:7      | Found a faded altar of an unknown god.
  6268 | D:7      | 6268 ||| INVOKING Heroism.
  6361 | D:7      | 6361 ||| READING scroll labelled RIOHYD JEHUIGGE.
  6478 | D:8      | Noticed an oklob plant
  6479 | D:8      | 6479 ||| INVOKING Heroism.
  6485 | D:8      | Paralysed by a floating eye for 2 turns
  6489 | D:8      | HP: 11/57 [oklob plant/splash of acid (15)]
  6490 | D:8      | 6490 ||| READING 4 scrolls of teleportation.
  6490 | D:8      | Paralysed by a floating eye for 4 turns
  6776 | D:8      | 6776 ||| RETREEAATING.
  6777 | D:8      | 6777 ||| STILL RETREEAATING.
  6778 | D:8      | 6778 ||| INVOKING Heroism.
  6800 | D:8      | 6800 ||| INVOKING Heroism.
  6892 | D:8      | 6892 ||| INVOKING Heroism.
  6907 | D:8      | Reached skill level 11 in Ranged Weapons
  7103 | D:8      | 7103 ||| INVOKING Heroism.
  7259 | D:8      | Noticed Erica
  7260 | D:8      | 7260 ||| INVOKING Heroism.
  7263 | D:8      | 7263 ||| DRINKING 4 potions of curing.
  7263 | D:8      | 7263 ||| (to cure confusion)
  7267 | D:8      | Killed Erica
  7268 | D:8      | Reached XP level 10. HP: 65/65 MP: 10/13
  7370 | D:8      | Noticed an oklob plant
  7371 | D:8      | 7371 ||| INVOKING Heroism.
  7378 | D:8      | 7378 ||| FLEEEEING.
  7379 | D:8      | 7379 ||| FLEEEEING.
  7379 | D:8      | Paralysed by a floating eye for 4 turns
  7383 | D:8      | 7383 ||| FLEEEEING.
  7384 | D:8      | 7384 ||| FLEEEEING.
  7385 | D:8      | 7385 ||| FLEEEEING.
  7386 | D:8      | 7386 ||| FLEEEEING.
  7387 | D:8      | 7387 ||| FLEEEEING.
  7388 | D:8      | 7388 ||| FLEEEEING.
  7390 | D:8      | 7390 ||| FLEEEEING.
  7390 | D:8      | Paralysed by a floating eye for 4 turns
  7394 | D:8      | 7394 ||| INVOKING Heroism.
  7535 | D:8      | 7535 ||| INVOKING Heroism.
  7547 | D:8      | Killed an oklob plant
  7613 | D:8      | Noticed an oklob plant
  7614 | D:8      | 7614 ||| INVOKING Heroism.
  7615 | D:8      | 7615 ||| UPGRADING to +0 acid dragon scales.
  7625 | D:8      | 7625 ||| READING scroll labelled FULACK WOPN.
  7627 | D:8      | Noticed an oklob plant
  7641 | D:8      | Killed an oklob plant
  7648 | D:8      | 7648 ||| INVOKING Heroism.
  7661 | D:8      | 7661 ||| READING 3 scrolls of teleportation.
  7972 | D:8      | 7972 ||| INVOKING Heroism.
  7982 | D:8      | Killed an oklob plant
  7983 | D:8      | Reached skill level 12 in Ranged Weapons
  8006 | D:8      | 8006 ||| READING 2 scrolls of identify.
  8006 | D:8      | 8006 ||| IDENTIFYING fuming puce potion
  8033 | D:9      | 8033 ||| STAIRDANCE
  8180 | D:9      | 8180 ||| SWAPPING to +1 orcbow of draining.
  8181 | D:9      | 8181 ||| DROPPING +1 shortbow of freezing.
  8187 | D:9      | 8187 ||| RETREEAATING.
  8188 | D:9      | 8188 ||| STILL RETREEAATING.
  8189 | D:9      | 8189 ||| STILL RETREEAATING.
  8190 | D:9      | 8190 ||| STILL RETREEAATING.
  8191 | D:9      | 8191 ||| STILL RETREEAATING.
  8192 | D:9      | 8192 ||| STILL RETREEAATING.
  8193 | D:9      | 8193 ||| STILL RETREEAATING.
  8194 | D:9      | 8194 ||| STILL RETREEAATING.
  8195 | D:9      | 8195 ||| STILL RETREEAATING.
  8222 | D:9      | Reached *** piety under Okawaru
  8228 | D:9      | Reached skill level 13 in Ranged Weapons
  8229 | D:9      | 8229 ||| INVOKING Heroism.
  8334 | D:9      | You fall into a shaft and drop 2 floors!
  8356 | D:11     | 8356 ||| INVOKING Heroism.
  8360 | D:11     | Reached skill level 9 in Fighting
  8360 | D:11     | Reached XP level 11. HP: 50/71 MP: 11/14
  8437 | D:11     | Noticed a boulder beetle
  8438 | D:11     | 8438 ||| INVOKING Heroism.
  8452 | D:11     | HP: 13/71 [komodo dragon (11)]
  8453 | D:11     | 8453 ||| READING 2 scrolls of teleportation.
  8454 | D:11     | 8454 ||| DRINKING potion of heal wounds.
  8458 | D:11     | 8458 ||| RETREEAATING.
  8459 | D:11     | 8459 ||| STILL RETREEAATING.
  8460 | D:11     | 8460 ||| STILL RETREEAATING.
  8461 | D:11     | 8461 ||| STILL RETREEAATING.
  8463 | D:11     | 8463 ||| INVOKING Heroism.
  8490 | D:11     | 8490 ||| INVOKING Heroism.
  8503 | D:11     | HP: 16/71 [gnoll/+0 flail[a gnoll sergeant] (7)]
  8504 | D:11     | 8504 ||| READING scroll of teleportation.
  8513 | D:11     | HP: 12/71 [yak (6)]
  8518 | D:11     | HP: 7/71 [yak (4)]
  8520 | D:11     | 8520 ||| INVOKING Heroism.
  8527 | D:11     | HP: 4/71 [yak (6)]
  8530 | D:11     | Slain by a yak

Levels and vault maps discovered:
D:1:      kennysheep_arrival_forest, layout_basic, minmay_misc_feat_rugged,
          minmay_misc_feat_ornament, kennysheep_pointless_box,
          supply_closet_lemuel
D:2:      layout_loops_ring, kennysheep_jessica_study, uniq_robin
D:3:      layout_basic, serial_shops, nicolae_shop_pleasant_corner_grove
D:4:      layout_loops_cross, kennysheep_slug_shrine, temple_green
D:5:      layout_layer_cave, uniq_grinder
D:6:      layout_gridville, dk_noncrumbling_3, uniq_prince_ribbit1
D:7:      layout_layer_cave, nicolae_tso_carved_into_rock,
          chequers_temple_overflow_minitemple, minmay_misc_feat_cross
D:8:      layout_basic, disabler_island, uniq_erica
D:9:      layout_cave_pools, erik_orc_1, enter_bailey_3, minivault_22,
          nicolae_wooded_promenade, grunt_ministairs_9
D:11:     layout_cross
Temple:   nicolae_temple_great_sept

Skill      XL: |  1  2  3  4  5  6  7  8  9 10 11 |
---------------+----------------------------------+-----
Ranged Weapons | 5 6 7 8 9 11 13 | 13.7
Fighting       | 3 4 5 6 8 9 |  9.1
Armour         | 1 2 4 |  4.1
Dodging        | 2 3 4 |  4.2
Invocations    | 4 |  4.0
Stealth        | |  1.1

Action                     |  1- 3 |  4- 6 |  7- 9 | 10-12 || total
---------------------------+-------+-------+-------+-------++-------
   Fire: Shortbow          |   117 |   151 |   452 |   134 ||   854
         Orcbow            |       |       |       |   133 ||   133
 Invoke: Heroism           |       |       |    11 |    12 ||    23
    Use: Scroll            |     5 |    14 |     2 |     5 ||    26
         Potion            |       |     3 |     2 |     1 ||     6
 Armour: Leather armour    |    21 |    66 |   193 |    17 ||   297
         Acid dragon scale |       |       |       |   105 ||   105
  Dodge: Dodged            |    29 |    14 |   109 |   126 ||   278

Table legend:
 A = Non-vault XP
 B = Vault XP
 C = Vault XP percentage of total XP
 D = Non-vault monster count
 E = Vault monster count
 F = Vault count percentage of total count
                 A         B        C        D         E       F
            +---------+---------+-------+---------+---------+-------
      Total |    7458 |    4275 |  36.4 |     175 |      23 |  11.6
            +---------+---------+-------+---------+---------+-------
        D:1 |      32 |       0 |   0.0 |      21 |       0 |   0.0
        D:2 |      65 |      67 |  50.8 |      16 |      10 |  38.5
        D:3 |     245 |       0 |   0.0 |      29 |       0 |   0.0
        D:4 |     383 |       4 |   1.0 |       8 |       1 |  11.1
        D:5 |     915 |     272 |  22.9 |      20 |       1 |   4.8
        D:6 |    1117 |     264 |  19.1 |      14 |       1 |   6.7
        D:7 |     473 |       0 |   0.0 |      12 |       0 |   0.0
        D:8 |    1232 |    2610 |  67.9 |      31 |       5 |  13.9
        D:9 |     452 |    1058 |  70.1 |       6 |       5 |  45.5
       D:11 |    2544 |       0 |   0.0 |      18 |       0 |   0.0
            +---------+---------+-------+---------+---------+-------
